 Dungeon Crawl Stone Soup version 0.31-a0-799-g6bc09d010c (webtiles) character file.

Game seed: 15569743606299361063

2 Bravepunisher the Ducker (level 1, -2/11 HPs)
             Began as a Spriggan Monk on Sept 19, 2023.
             Killed from afar by a white imp (12 damage)
             ... with a puff of frost
             ... on level 6 of the Dungeon.
             The game lasted 00:01:27 (362 turns).

Bravepunisher the Ducker (Spriggan Monk)             Turns: 362, Time: 00:01:28

Health: -2/11      AC:  2    Str:  7    XL:     1   Next: 33%
Magic:  2/2        EV: 18    Int: 11    God:
Gold:   37         SH:  0    Dex: 17    Spells: 0/0 levels left

rFire   . . .        a - +0 short sword
rCold   . . .        (no shield)
rNeg    . . .        b - +0 robe
rPois   .            (helmet restricted)
rElec   .            (no cloak)
rCorr   .            (gloves unavailable)
SInv    +            (boots unavailable)
Will    .....        (no amulet)
Stlth   +            (no ring)
HPRegen 0.21/turn    (no ring)
MPRegen 0.08/turn

%: no passive effects
@: confused, ambrosia-drunk, very quick
A: very small, no large weapons, unfitting armour, see invisible, speed 3
a: no special abilities


You were on level 6 of the Dungeon.
You visited 1 branch of the dungeon, and saw 6 of its levels.

You collected 37 gold pieces.

Inventory:

Hand Weapons
 a - a +0 short sword (weapon)
Armour
 b - a +0 robe (worn)
 d - an orb of light
Wands
 f - a wand of mindburst (15)
Scrolls
 e - a scroll of teleportation {unknown}


   Skills:
 * Level 2.5 Fighting
 - Level 3.2 Short Blades
 + Level 4.1 Dodging


You couldn't memorise any spells.
You didn't know any spells.
Your spell library was empty.

Dungeon Overview and Level Annotations

Branches:
Dungeon (6/15)
 Temple: D:4-7

Altars:
Elyvilon


Innate Abilities, Weirdness & Mutations

You are very small and have problems with some larger weapons.
You are too small for most types of armour.
You have supernaturally acute eyesight. (SInv)
You cover ground extremely quickly. (Speed+++)


Message History

The white imp is moderately wounded.
You barely miss the white imp.
The white imp is moderately wounded.
The white imp misses you. The white imp puffs mist at you.
The white imp attacks as it pursues you!
The white imp completely misses you.
You see here 6 stones.
You hit the white imp but do no damage.
The white imp is moderately wounded.
The white imp barely misses you.
You barely miss the white imp.
The white imp is moderately wounded.
You barely miss the white imp.
The white imp is moderately wounded.
The white imp misses you.
A gnoll comes into view. It is wielding a +0 flail.
You hit the white imp.
The white imp is heavily wounded.
The sentinel's mark upon you fades away.
The white imp completely misses you.
You barely miss the white imp.
The white imp is heavily wounded.
The white imp misses you.
You barely miss the white imp.
The white imp is heavily wounded.
A black bear comes into view.
The white imp gestures at you. The puff of frost hits you!
Ouch! That really hurt!
* * * LOW HITPOINT WARNING * * *
You are confused.
You feel invigorated. The white imp completely misses you.
Unknown command.
You bump into the rock wall.
A gnoll comes into view. It is wielding a +0 whip.
The white imp gestures at you. The puff of frost hits you!
Ouch! That really hurt!
You die...

##....# ##..## ##
##...###...# #.#
#..........# #.#
$.....#[.g...## ##.#
....######!...#####..#
..## ##h........## .
##og######<# #5##
##...# #@# #.## #..#
.# #..# # ####


You could see a black bear, 2 gnolls, a white imp and an orc.

Vanquished Creatures
  A hobgoblin (D:1)
  A quokka (D:3)
2 creatures vanquished.

Notes
Turn   | Place    | Note
-------+----------+-------------------------------------------
     0 | D:1      | Bravepunisher the Spriggan Monk began the quest for the
                  | Orb.
     0 | D:1      | Reached XP level 1. HP: 11/11 MP: 2/2
   151 | D:4      | Noticed an orc wizard
   242 | D:4      | Found a white marble altar of Elyvilon.
   274 | D:5      | Entered Level 5 of the Dungeon
   279 | D:5      | Noticed an orc wizard
   279 | D:5      | Noticed an ogre
   289 | D:5      | Noticed an iguana
   300 | D:5      | Noticed an iguana
   360 | D:6      | Noticed a black bear
   362 | D:6      | Killed from afar by a white imp

Illustrated notes

Levels and vault maps discovered:
D:1:      zelgadis_glass_arrival_small, layout_loops_ring,
          basic_ecumenical_altar, chequers_serial_rivers_small_a
D:2:      layout_rooms, serial_shops, shop, st_stairs_7, lexackson_kobold_supper
D:3:      layout_loops_ring, grunt_temple_overflow_gold_and_silver,
          nzn_wu_jian_contemplation, serial_shops, shop
D:4:      layout_cave_pools, elyvilon_altar_1, minmay_temple_entry_glass
D:5:      layout_rooms, nicolae_ru_path_of_blood, cheibriados_altar_1
D:6:      layout_layer_cave, nicolae_qazlal_general_emergency

Action                     || total
---------------------------++-------
  Melee: Short sword       ||    11
    Use: Potion            ||     1
   Stab: Sleeping          ||     1
 Armour: Robe              ||     8
  Dodge: Dodged            ||    15

Table legend: (Time is in decaauts)
 A = Elapsed time spent in this place.
 B = Non-inter-level travel time spent in this place.
 C = Inter-level travel time spent in this place.
 D = Time resting spent in this place.
 E = Time spent auto-exploring this place.
 F = Levels seen in this place.
 G = Mean time per level.
                   A        B        C        D        E       F      G
               +--------+--------+--------+--------+--------+-----+--------+
         Total |    239 |    239 |      0 |      9 |    123 |   6 |   39.8 |
       Dungeon |    239 |    239 |      0 |      9 |    123 |   6 |   39.8 |
               +--------+--------+--------+--------+--------+-----+--------+

Top non-repeatable levels by time:
     D:3: 97 daAuts
     D:4: 41 daAuts
     D:1: 34 daAuts
     D:5: 32 daAuts
     D:6: 28 daAuts
     D:2: 5 daAuts
